 Dungeon Crawl Stone Soup version 0.30.0-15-g856e2d3f33 (webtiles) character file.

Game seed: 13967753553186443325

184 jtron the Poker (level 5, -1/53 HPs)
             Began as an Ogre Gladiator on May 20, 2023.
             Slain by a hobgoblin (2 damage)
             ... on level 3 of the Dungeon.
             The game lasted 00:04:15 (2381 turns).

jtron the Poker (Ogre Gladiator)                    Turns: 2381, Time: 00:04:16

Health: -1/53      AC:  3    Str: 20    XL:     5   Next: 64%
Magic:  5/5        EV: 10    Int:  9    God:
Gold:   90         SH:  0    Dex: 10    Spells: 4/4 levels left

rFire   . . .        a - +0 halberd
rCold   . . .        (shield currently unavailable)
rNeg    . . .        s - +0 robe
rPois   .            c - +0 hat
rElec   .            (no cloak)
rCorr   .            (gloves unavailable)
SInv    .            (boots unavailable)
Will    .....        (no amulet)
Stlth   +            (no ring)
HPRegen 0.28/turn    (no ring)
MPRegen 0.09/turn

%: no passive effects
@: no status effects
A: large, unfitting armour, tough skin 1
a: no special abilities


You were on level 3 of the Dungeon.
You visited 1 branch of the dungeon, and saw 3 of its levels.

You collected 90 gold pieces.

Inventory:

Hand Weapons
 a - a +0 halberd (weapon)
 b - a +0 sling
 t - a +0 trident
Missiles
 e - a large rock (quivered)
 f - 3 javelins
 g - 15 stones
Armour
 c - a +0 hat (worn)
 s - a +0 robe (worn)
Scrolls
 i - 3 scrolls of identify {unknown}
 j - a scroll of magic mapping {unknown}
 k - a scroll of teleportation {unknown}
 o - a scroll of immolation {unknown}
 p - a scroll of poison {unknown}
 q - a scroll of enchant weapon {unknown}
Potions
 h - 2 potions of curing {unknown}
 l - a potion of mutation {unknown}
 m - a potion of attraction
 r - a potion of degeneration {unknown}


   Skills:
 + Level 3.4 Fighting
 * Level 5.0 Polearms
 + Level 2.0 Throwing
 + Level 3.6 Dodging
 + Level 0.6 Stealth
 * Level 0.4 Spellcasting


You had 4 spell levels left.
You didn't know any spells.
Your spell library contained the following spells:

 Spells                   Type           Power      Damage    Failure   Level
 Cigotuvi's Dreadful Rot  Necr/Pois/Air  0%         N/A       52%         2
 Ensorcelled Hibernation  Hex/Ice        0%         N/A       52%         2
 Lesser Beckoning         Tloc           0%         N/A       52%         2
 Passwall                 Tmut/Erth      0%         N/A       52%         2
 Frozen Ramparts          Ice            0%         1d1       75%         3
 Gell's Gravitas          Tloc           0%         N/A       75%         3
 Ignite Poison            Fire/Tmut/Pois 0%         N/A       75%         3
 Swiftness                Air            0%         N/A       75%         3
 Teleport Other           Tloc           0%         N/A       75%         3
 Ice Form                 Ice/Tmut       0%         N/A       98%         4
 Summon Ice Beast         Ice/Summ       0%         N/A       98%         4
 Freezing Cloud           Conj/Ice/Air   0%         6-21      100%        5


Dungeon Overview and Level Annotations

Branches:
Dungeon (3/15)

Altars:
Zin


Innate Abilities, Weirdness & Mutations

You are too large for most types of armour.
You have tough skin. (AC +1)


Message History

The hound struggles against the net.
You impale the hound!!
You kill the hound!
You hit the gnoll but do no damage. The gnoll hits you with a +3 flail!
You are too injured to fight recklessly!
You are too injured to fight recklessly!
Throw: throwing net
Press: ? - help, Q - select action, (/) - cycle Shift-Dir - straight line, f - gnoll
Aim: a gnoll, wielding a +3 flail (61% to hit)
You throw a throwing net.
The throwing net barely misses the gnoll.
The throwing net barely misses the hobgoblin.
The gnoll closely misses you.
You are too injured to fight recklessly!
You are too injured to fight recklessly!
You are too injured to fight recklessly!
You are too injured to fight recklessly!
You are too injured to fight recklessly!
You feel much better. The gnoll hits you with a +3 flail.
You hit the gnoll.
The gnoll is lightly wounded.
The gnoll hits you with a +3 flail!
You hit the gnoll but do no damage.
The gnoll is lightly wounded.
The gnoll hits you with a +3 flail! The gnoll hits you with a +3 flail.
You closely miss the gnoll.
The gnoll is lightly wounded.
The gnoll hits you with a +3 flail.
You hit the gnoll.
The gnoll is moderately wounded.
The gnoll hits you with a +3 flail!
* * * LOW HITPOINT WARNING * * *
You slash the gnoll!
The gnoll is almost dead.
The gnoll hits you with a +3 flail.
* * * LOW HITPOINT WARNING * * *
You hit the gnoll.
You kill the gnoll!
The hobgoblin hits you.
You die...

#.##.#
####.##.#
))......#######
####.##.......#
#.##.#####.#
#.##.# #.#
#.##.# #.#
#.##.#
#.#######.#
#.##)#
#...@g...(#
#.##.#
###########
####.##.#
.....# ######
... ###


You could see a hobgoblin.

Vanquished Creatures
  A hound (D:3)
  6 adders (D:2)
  4 gnolls (D:3)
  3 worms (D:2)
  2 dart slugs
  3 endoplasms
  4 giant cockroaches
  3 goblins (D:3)
  2 hobgoblins
  5 jackals
  2 kobolds
  3 quokkas
  9 ball pythons
  5 bats
  2 frilled lizards
  5 rats
59 creatures vanquished.

Notes
Turn   | Place    | Note
-------+----------+-------------------------------------------
     0 | D:1      | jtron the Ogre Gladiator began the quest for the Orb.
     0 | D:1      | Reached XP level 1. HP: 22/22 MP: 1/1
    76 | D:1      | Reached XP level 2. HP: 26/29 MP: 2/2
   731 | D:2      | Found a glowing silver altar of Zin.
   773 | D:2      | Reached XP level 3. HP: 24/36 MP: 3/3
  1460 | D:2      | Reached skill level 4 in Polearms
  1460 | D:2      | Reached XP level 4. HP: 35/45 MP: 4/4
  2057 | D:3      | Reached XP level 5. HP: 53/53 MP: 5/5
  2336 | D:3      | Reached skill level 5 in Polearms
  2380 | D:3      | HP: 1/53 [gnoll/+3 flail (6)]
  2381 | D:3      | Slain by a hobgoblin

Illustrated notes

Levels and vault maps discovered:
D:1:      dpeg_arrival_simpleton_c, layout_basic
D:2:      layout_loops_corners, basic_altar, minmay_snake_closets
D:3:      layout_loops_ring, kennysheep_generic_room_12

Skill      XL: |  1  2  3  4  5 |
---------------+----------------+-----
Dodging        | 3 |  3.6
Fighting       | 3 |  3.4
Polearms       | 4 5 |  5.0
Throwing       | |  2.0
Stealth        | |  0.6
Spellcasting   | |  0.4

Action                     |  1- 3 |  4- 6 || total
---------------------------+-------+-------++-------
  Melee: Trident           |   123 |    58 ||   181
         Halberd           |       |    17 ||    17
  Throw: Javelin           |     2 |       ||     2
         Throwing net      |     1 |     4 ||     5
    Use: Potion            |       |     3 ||     3
   Stab: Sleeping          |     2 |     6 ||     8
         Held in net/web   |       |     1 ||     1
 Armour: Robe              |    25 |    13 ||    38
  Dodge: Dodged            |    46 |    39 ||    85
